 Dungeon Crawl Stone Soup version 0.21.1-1-g345015fe64 (webtiles) character file.

67 zanarii the Bolt Thrower (level 3, 28/28 HPs)
             Began as a Centaur Arcane Marksman on June 19, 2018.
             Quit the game on level 2 of the Dungeon.
             The game lasted 00:21:59 (3775 turns).

zanarii the Bolt Thrower (Centaur Arcane Marksman)  Turns: 3775, Time: 00:22:00

Health: 28/28      AC:  4    Str: 13    XL:     3   Next: 98%
Magic:  4/4        EV:  9    Int: 17    God:
Gold:   129        SH:  6    Dex:  9    Spells: 4/4 levels left

rFire    . . .     SeeInvis +   a - +0 hand crossbow
rCold    . . .     Gourm    .   (no shield)
rNeg     . . .     Faith    .   m - +0 leather armour {rPois}
rPois    +         Spirit   .   (no helmet)
rElec    .         Reflect  +   (no cloak)
rCorr    .         Harm     .   (no gloves)
MR       .....                  (no barding)
Stlth    +.........             g - +6 amulet of reflection
HPRegen  0.09/turn              k - ring of stealth
MPRegen  0.09/turn              d - ring of see invisible

@: brilliant, very quick
A: large, hooves 3, deformed body, speed 2, tough skin 3
a: no special abilities


You were on level 2 of the Dungeon.
You were hungry.

You visited 1 branch of the dungeon, and saw 2 of its levels.

You collected 129 gold pieces.

Inventory:

Hand Weapons
 a - a +0 hand crossbow (weapon)
 r - a +2 vampiric whip
Missiles
 b - 74 stones (quivered)
Armour
 e - a +0 robe
 m - a +0 leather armour of poison resistance (worn)
Jewellery
 d - a ring of see invisible (right hand)
 g - a +6 amulet of reflection (around neck)
 k - a ring of stealth (left hand)
 p - an uncursed amulet of faith
Scrolls
 f - a scroll of amnesia
 h - a scroll of fog {unknown}
 i - a scroll of identify {unknown}
 j - a scroll of teleportation {unknown}
 l - a scroll of blinking {unknown}
 s - a scroll of noise {unknown}
 t - a scroll of magic mapping {unknown}
Potions
 o - a potion of heal wounds {unknown}
Books
 c - a book of Debilitation

   Spells                             Type                      Level
   a - Corona                         Hexes                        1
   b - Slow                           Hexes                        2
   c - Inner Flame                    Hexes/Fire                   3
   d - Portal Projectile              Hexes/Translocation          3
   e - Cause Fear                     Hexes                        4
   f - Leda's Liquefaction            Hexes/Earth                  4
Comestibles
 q - a ration


   Skills:
 + Level 1.1 Fighting
 + Level 3.9 Crossbows
 + Level 0.1 Throwing
 + Level 0.1 Armour
 - Level 1.5 Dodging
 + Level 0.1 Stealth
 - Level 1.0 Spellcasting
   Level 3.2 Hexes


You had 4 spell levels left.
You didn't know any spells.

Dungeon Overview and Level Annotations

Branches:
Dungeon (2/15)

Altars:
Fedhas
Hepliaklqana
Kikubaaqudgha
Makhleb
The Shining One


Innate Abilities, Weirdness & Mutations

You have hooves in place of feet.
Armour fits poorly on your strangely shaped body.
You cover ground very quickly.
You have extremely tough skin. (AC +3)


Message History

You remove your +6 amulet of reflection.
You feel a strange surge of divine interest.
p - an amulet of faith (around neck)
You remove your amulet of faith.
g - a +6 amulet of reflection (around neck)
As you read the scroll labeled KICZUPN NAOKK, it crumbles to dust.
It is a scroll of amnesia.
Your memory of Corona unravels.
Sorry, you're not good enough to have a special ability.
You don't know any spells.
It was a potion of brilliance.
You feel clever all of a sudden.
You don't know any spells.
Sorry, you're not good enough to have a special ability.
Drop what? 19/52 slots (_ for help) (? for menu, Esc to quit)
Okay, then.
Unknown command.
Clearing level map.
Clearing level map.
Are you sure you want to abandon this character and quit the game? (Confirm with "yes".)

#.#.# #........##..
#.#.# #............
#.#.# #.......####.
#.#.####.......# #..
##.#.........#.## #..
#.....#####..#.#####.
#...†(.(.....#.......
#.....######.#.#####.
#.(.@.......... #.
#......###.....#####.
#......# .. ........
#......# #.. ........
#......# #.. .#.....
#......# #.# #.#.....
#....... #.# #.#.....
#........#.###.#.....
......#.##..#.....


There were no monsters in sight!

Vanquished Creatures
  An adder (D:2)
  A dart slug (D:1)
  4 leopard geckos
  3 bats (D:1)
  2 giant cockroaches
  8 goblins
  6 hobgoblins
  3 jackals (D:1)
  A quokka (D:2)
  A ball python (D:2)
  7 frilled lizards
  5 kobolds
  5 rats
47 creatures vanquished.

Vanquished Creatures (others)
  A kobold (D:1)
1 creature vanquished.

Grand Total: 48 creatures vanquished

Notes
Turn   | Place    | Note
-------+----------+-------------------------------------------
     0 | D:1      | zanarii the Centaur Arcane Marksman began the quest for the Orb.
     0 | D:1      | Reached XP level 1. HP: 16/16 MP: 2/2
   278 | D:1      | Reached XP level 2. HP: 23/23 MP: 3/3
  1263 | D:1      | Reached XP level 3. HP: 28/28 MP: 4/4
  2775 | D:2      | Found an ancient bone altar of Kikubaaqudgha.
  2787 | D:2      | Found a glowing golden altar of the Shining One.
  2888 | D:2      | Found a hazy altar of Hepliaklqana.
  2908 | D:2      | Found a burning altar of Makhleb.
  2966 | D:2      | Found a blossoming altar of Fedhas.
  3775 | D:2      | Quit the game

Skill      XL: |  1  2 |
---------------+-------+-----
Hexes          | 3 |  3.2
Crossbows      | 3 |  3.9
Fighting       | |  1.1
Throwing       | |  0.1
Armour         | |  0.1
Dodging        | |  1.5
Stealth        | |  0.1
Spellcasting   | |  1.0

Action                   || total
-------------------------++-------
Melee: Hand crossbow     ||    26
       Kick              ||     7
 Fire: Hand crossbow     ||   129
Throw: Stone             ||    18
 Cast: Corona            ||     1
  Use: Scroll            ||     1
       Potion            ||     1
  Eat: Ration            ||     2
Armor: Robe              ||    13
       Leather armour    ||    10
Dodge: Dodged            ||    34
Block: Other             ||    29
       Reflection        ||     2
